 Dungeon Crawl Stone Soup version 0.24.0-13-gcf9b319 (webtiles) character file.

Game seed: 11233342032363025856, levelgen mode: deterministic

148 Fortress the Conjurer (level 5, -3/38 HPs)
             Began as a Draconian Conjurer on Jan 22, 2020.
             Slain by a worm (14 damage)
             ... on level 3 of the Dungeon.
             The game lasted 00:05:09 (1840 turns).

Fortress the Conjurer (Draconian Conjurer)          Turns: 1840, Time: 00:05:09

Health: -3/38      AC:  5    Str: 10    XL:     5   Next: 8%
Magic:  0/9        EV: 12    Int: 17    God:
Gold:   56         SH:  0    Dex: 11    Spells: 8/9 levels left

rFire    . . .     SeeInvis .   d - +0 short sword
rCold    . . .     Gourm    .   (no shield)
rNeg     . . .     Faith    .   (armour unavailable)
rPois    .         Spirit   .   (helmet restricted)
rElec    .         Reflect  .   (no cloak)
rCorr    .         Harm     .   (no gloves)
MR       .....                  (no boots)
Stlth    ++........             (no amulet)
HPRegen  0.12/turn              (no ring)
MPRegen  0.11/turn              (no ring)

@: no status effects
A: unfitting armour, cold-blooded, AC +5
a: no special abilities


You were on level 3 of the Dungeon.
You were not hungry.

You visited 1 branch of the dungeon, and saw 3 of its levels.

You collected 56 gold pieces.

Inventory:

Hand Weapons
 d - a +0 short sword (weapon)
Missiles
 m - 9 poisoned darts (quivered)
Jewellery
 f - a +3 ring of strength {unknown}
 n - an uncursed amulet of regeneration
Scrolls
 a - a scroll of enchant weapon {unknown}
 c - 2 scrolls of amnesia {unknown}
 g - 3 scrolls of identify {unknown}
Potions
 e - a potion of heal wounds {unknown}
 h - a potion of degeneration {unknown}
 i - a potion of invisibility {unknown}
 j - a potion of resistance {unknown}
 k - a potion of curing {unknown}
 l - a potion of lignification {unknown}
Comestibles
 b - 4 rations


   Skills:
 + Level 2.1 Dodging
 + Level 1.9 Stealth
 - Level 0.2 Unarmed Combat
 + Level 2.8 Spellcasting
 + Level 5.7 Conjurations


You had 8 spell levels left.
You knew the following spells:

 Your Spells              Type           Power        Failure   Level  Hunger
a - Magic Dart            Conj           ###.         1%          1    #......

Your spell library contained the following spells:

 Spells                   Type           Power        Failure   Level  Hunger
 Searing Ray              Conj           ###...       2%          2    ##.....
 Dazzling Spray           Conj/Hex       ##....       16%         3    ###....
 Iskenderun's Mystic Bla  Conj           ###.....     17%         4    #####..
 Force Lance              Conj/Tloc      ##......     47%         4    #####..
 Fulminant Prism          Conj/Hex       ##........   47%         4    #####..


Dungeon Overview and Level Annotations

Branches:
Dungeon (3/15)

Altars:


Innate Abilities, Weirdness & Mutations

Your plain brown scales are hard. (AC +5)
You cannot fit into any form of body armour.
You are cold-blooded and may be slowed by cold attacks.


Message History

The worm is moderately wounded.
The worm bites you!
* * * LOW HITPOINT WARNING * * *
The worm barely misses you.
Casting: Magic Dart (safe; 1% risk of failure)
Confirm with . or Enter, or press ? or * to list all spells.
Aiming: Magic Dart (safe; 1% risk of failure)
Press: ? - help, Shift-Dir - straight line, f/p - worm
Aim: a worm (lightly wounded, berserk, fast, unusually strong)
The magic dart hits the worm.
The worm is lightly wounded.
There is a stone staircase leading down here.
The worm closely misses you.
You climb downwards.
Found 24 gold pieces.
Found an escape hatch in the floor.
There is a stone staircase leading up here.
You hit the worm.
The worm is lightly wounded.
The worm bites you!
You die...

#####
#...##
#....##
#>...$##
#......#
#@w#
###....$#
.....
$### +


You could see a worm (berserk).

Vanquished Creatures
  Natasha (thrice) (D:2)
  3 adders (D:2)
  An ooze (D:1)
  A worm (D:2)
  2 dart slugs
  2 leopard geckos
  A bat (D:2)
  2 goblins (D:1)
  8 hobgoblins
  5 kobolds
  A quokka (D:2)
  A ball python (D:2)
  A frilled lizard (D:2)
  8 rats
39 creatures vanquished.

Notes
Turn   | Place    | Note
-------+----------+-------------------------------------------
     0 | D:1      | Fortress the Draconian Conjurer began the quest for the
                  | Orb.
     0 | D:1      | Reached XP level 1. HP: 14/14 MP: 3/3
   122 | D:1      | Reached XP level 2. HP: 17/20 MP: 0/5
   798 | D:2      | Reached XP level 3. HP: 16/26 MP: 0/6
  1113 | D:2      | Reached skill level 5 in Conjurations
  1184 | D:2      | Noticed Natasha
  1193 | D:2      | Killed Natasha
  1193 | D:2      | Reached XP level 4. HP: 26/33 MP: 1/7
  1445 | D:2      | Noticed Natasha
  1448 | D:2      | Killed Natasha
  1491 | D:2      | Noticed Natasha
  1496 | D:2      | Killed Natasha
  1496 | D:2      | Reached XP level 5. HP: 20/38 MP: 0/9
  1803 | D:2      | Noticed a moth of wrath
  1840 | D:3      | Slain by a worm

Levels and vault maps discovered:
D:1:      dpeg_arrival_shrine, layout_loops_cross, palyth_stone_intersect,
          minivault_14, kennysheep_another_room
D:2:      layout_basic, tgw_trog, first_ration, minmay_rat_gold_closets,
          uniq_natasha
D:3:      kennysheep_big_flooded_room, layout_basic, lemuel_round_altar,
          grunt_temple_overflow_open

Skill      XL: |  1  2  3 |
---------------+----------+-----
Conjurations   | 5 |  5.7
Dodging        | 2 |  2.1
Stealth        | |  1.9
Unarmed Combat | |  0.2
Spellcasting   | |  2.8

Action                   |  1- 3 |  4- 6 || total
-------------------------+-------+-------++-------
Melee: Unarmed           |    11 |       ||    11
       Short sword       |     4 |     6 ||    10
       Tailslap          |       |     2 ||     2
 Cast: Magic Dart        |    48 |    46 ||    94
  Eat: Ration            |       |     1 ||     1
Armor: Skin              |     4 |     2 ||     6
Dodge: Dodged            |    14 |    11 ||    25
